 Dungeon Crawl Stone Soup version 0.31.0-11-ge490571c62 (webtiles) character file.

Game seed: 13983018897452394428

1274 browni3141 the Chopper (level 8, -7/70 HPs)
             Began as a Minotaur Fighter on Jan 27, 2024.
             Mangled by an ogre
             ... wielding a +0 giant club
              (11 damage)
             ... on level 5 of the Dungeon.
             The game lasted 00:02:18 (2713 turns).

browni3141 the Chopper (Minotaur Fighter)           Turns: 2713, Time: 00:02:19

Health: -7/70      AC:  7    Str: 22    XL:     8   Next: 28%
Magic:  7/7        EV: 11    Int:  5    God:
Gold:   44         SH:  5    Dex: 11    Spells: 7/7 levels left

rFire   . . .        a - +0 war axe
rCold   . . .        c - +0 buckler
rNeg    . . .        b - +0 scale mail
rPois   .            (helmet restricted)
rElec   .            (no cloak)
rCorr   .            (no gloves)
SInv    .            (no boots)
Will    +....        (no amulet) Stlth
                     l - ring of willpower
HPRegen 0.31/turn    (no ring)
MPRegen 0.10/turn

%: no passive effects
@: lethally poisoned (-7 -> -22)
A: horns 2, retaliatory headbutt
a: no special abilities


You were on level 5 of the Dungeon.
You visited 1 branch of the dungeon, and saw 5 of its levels.
You also visited: Ossuary.

You collected 83 gold pieces.
You spent 39 gold pieces at shops.

Inventory:

Hand Weapons
 a - a +0 war axe (weapon)
Armour
 b - a +0 scale mail (worn)
 c - a +0 buckler (worn)
Jewellery
 f - a ring of ice
 k - a +6 ring of intelligence
 l - a ring of willpower (left hand)
 w - an amulet of magic regeneration
Scrolls
 d - 2 scrolls of fear {unknown}
 e - 4 scrolls of poison {unknown}
 h - a scroll of revelation {unknown}
 i - 2 scrolls of teleportation {unknown}
 m - a scroll of noise {unknown}
 n - a scroll of enchant armour {unknown}
 q - a scroll of torment {unknown}
 u - a scroll of vulnerability {unknown}
 x - a scroll of amnesia {unknown}
Potions
 g - a potion of mutation {unknown}
 j - 3 potions of magic {unknown}
 o - 2 potions of cancellation {unknown}
 p - a potion of lignification {unknown}
 r - a potion of resistance {unknown}
 s - a potion of degeneration {unknown}
 t - 2 potions of attraction {unknown}
 v - a potion of curing
 z - 2 potions of brilliance {unknown}
 A - a potion of enlightenment {unknown}


   Skills:
 + Level 6.0 Fighting
 * Level 7.4 Axes
 + Level 6.1 Armour
 + Level 4.1 Dodging
 + Level 6.0 Shields


You had 7 spell levels left.
You didn't know any spells.
Your spell library contained the following spells:

 Spells                   Type           Power      Damage    Failure   Level
 Scorch                   Fire           0%         2d5       93%         2
 Gell's Gravitas          Tloc           0%         N/A       99%         3
 Teleport Other           Tloc           0%         N/A       99%         3
 Flame Wave               Conj/Fire      0%         2d4       100%        4
 Dispersal                Tloc           0%         N/A       100%        6
 Summon Cactus Giant      Summ           0%         N/A       100%        6


Dungeon Overview and Level Annotations

Branches:
Dungeon (5/15)            Ossuary (visited)
 Temple: D:4-7

Altars:
Trog
Wu Jian

Shops:
D:4 !   D:5 ?

Annotations:
D:3 1 runed translucent door, DoNotCum's ghost, novice DECj
D:5 Prince Ribbit


Innate Abilities, Weirdness & Mutations

You have a pair of horns on your head.
You reflexively headbutt those who attack you in melee.


Message History

A black bear is nearby!
The black bear bites you but does no damage.
The black bear claws you.
The black bear claws you but does no damage.
You closely miss the black bear. The black bear barely misses you.
The black bear misses you.
The black bear claws you but does no damage.
The black bear bites you.
The black bear claws you but does no damage.
The black bear closely misses you.
You slash the black bear!
The black bear is moderately wounded.
The black bear bites you but does no damage.
The black bear claws you. The black bear barely misses you.
You slash the black bear!
The black bear is severely wounded.
The black bear barely misses you.
The black bear claws you but does no damage.
The black bear barely misses you.
You slash the black bear!
You kill the black bear!
Your Fighting skill increases to level 6!
Your Dodging skill increases to level 4!
No target in view!
You see here a black bear corpse.
You pick up a book of Scorching and begin reading...
You add the spells Scorch, Flame Wave and Summon Cactus Giant to your library.
You now have 44 gold pieces (gained 8).
A centaur comes into view.
The centaur shouts!
The centaur wields a +0 orcbow.
The centaur shoots an arrow.
The arrow closely misses you.
A centaur is nearby!
A centaur is nearby!
The centaur shoots an arrow.
The arrow hits you.
Prince Ribbit comes into view.
Prince Ribbit gives a loud, deep croak!
You hear a shout!
The centaur shoots an arrow.
The arrow hits you.
An ogre comes into view. It is wielding a +0 giant club.
The ogre shouts!
The centaur shoots an arrow.
The arrow hits you!
A scorpion comes into view.
You miss Prince Ribbit. Prince Ribbit hits you.
You slash Prince Ribbit!
Prince Ribbit is heavily wounded.
Prince Ribbit hits you.
A shadow imp comes into view.
Prince Ribbit hits you but does no damage.
You miss Prince Ribbit.
Prince Ribbit is heavily wounded.
Prince Ribbit hits you but does no damage. x2
You closely miss Prince Ribbit. You headbutt Prince Ribbit!
Prince Ribbit is severely wounded.
Prince Ribbit closely misses you. You furiously retaliate!
You headbutt Prince Ribbit. You barely miss Prince Ribbit.
Prince Ribbit is almost dead.
Prince Ribbit blinks! x2
You hit the scorpion.
The scorpion is lightly wounded.
The scorpion stings you but does no damage.
The scorpion stings you.
You barely miss the scorpion. Your headbutt misses the scorpion.
The scorpion is lightly wounded.
The shadow imp summons a swarm of flies.
The scorpion stings you.
You are poisoned.
The scorpion poisons you!
You hit the scorpion but do no damage. You headbutt the scorpion.
The scorpion is moderately wounded.
You feel very sick. The scorpion stings you.
You hit the scorpion.
The scorpion is severely wounded.
You feel sick. The scorpion closely misses you. You furiously retaliate!
You headbutt the scorpion.
The teleport trap disappears.
Prince Ribbit disappears!
The scorpion closely misses you.
You closely miss the scorpion.
The scorpion is almost dead.
You feel sick.
The scorpion stings you but does no damage.
You barely miss the scorpion.
The scorpion is almost dead.
You feel sick. The scorpion stings you.
You are more poisoned.
The scorpion poisons you! The scorpion stings you.
You are lethally poisoned!
The scorpion poisons you!
You slash the scorpion!
You kill the scorpion!
You feel very sick.
The centaur shoots an arrow.
The arrow closely misses you.
The centaur shoots an arrow.
The arrow barely misses you. The shadow imp gestures at you.
Pain shoots through your body!
Your Shields skill increases to level 6!
You barely miss the ogre.
You feel very sick. The ogre hits you with a +0 giant club!
You die...

... .. #.# #.#
###### # #.. ...
... .....###.#
#.. #F# #.#
.........# #.#
...... ####..####
#.###.#.#.#.# #
#..#
#.##..O5..... #
#..# #.###@# #
#..######.##..###
#
#.†..........!..#
#
#...#####.#####.#
# #...# #.# .#
####...# #.# #
.......#####.#
####.........#
#.........#


You could see Prince Ribbit, an ogre and a shadow imp.

Vanquished Creatures
  A black bear (D:5)
  An ice beast (D:5)
  A centaur (D:4)
  2 elf zombies (Ossuary)
  2 scorpions
  A howler monkey (D:4)
  A spectral bullfrog (Ossuary)
  A bombardier beetle (D:4)
  A centaur zombie (Ossuary)
  4 human zombies (Ossuary)
  A jelly (D:4)
  2 hounds
  An iguana (D:4)
  2 crocodile zombies (Ossuary)
  2 spectral hounds (Ossuary)
  3 mummies (Ossuary)
  8 gnolls
  7 adders
  A hound simulacrum (Ossuary)
  A shadow imp (D:5)
  3 spectral adders (Ossuary)
  3 spectral gnolls (Ossuary)
  2 dart slugs (D:2)
  4 adder simulacra (Ossuary)
  12 orcs
  2 ball pythons
  3 bats (D:2)
  5 endoplasms
  A giant cockroach (D:4)
  6 gnoll zombies (Ossuary)
  4 goblins
  4 hobgoblins
  5 jackals
  4 kobolds
  3 quokkas
  4 gnoll simulacra (Ossuary)
  2 jackal simulacra (Ossuary)
  7 kobold zombies (Ossuary)
  3 orc zombies (Ossuary)
  2 rats
  3 spectral jackals (Ossuary)
125 creatures vanquished.

Notes
Turn   | Place    | Note
-------+----------+-------------------------------------------
     0 | D:1      | browni3141 the Minotaur Fighter began the quest for the
                  | Orb.
     0 | D:1      | Reached XP level 1. HP: 19/19 MP: 0/0
   102 | D:2      | Reached XP level 2. HP: 27/27 MP: 1/1
   185 | D:2      | Reached skill level 3 in Axes
   332 | D:2      | Reached skill level 1 in Dodging
   332 | D:2      | Reached XP level 3. HP: 14/33 MP: 2/2
   338 | D:2      | Reached XP level 4. HP: 7/40 MP: 3/3
   553 | D:3      | Reached skill level 4 in Axes
   693 | D:3      | Found a runed translucent door.
   693 | D:3      | Noticed DoNotCum's ghost (novice DECj)
   799 | D:4      | Found a sand-covered staircase.
   824 | Ossuary  | Entered an ossuary
   853 | Ossuary  | Noticed a spectral bullfrog
   858 | Ossuary  | Reached XP level 5. HP: 44/46 MP: 4/4
   934 | Ossuary  | Reached XP level 6. HP: 47/53 MP: 5/5
   965 | Ossuary  | Reached skill level 5 in Axes
  1002 | Ossuary  | Reached skill level 5 in Armour
  1207 | Ossuary  | Reached skill level 5 in Fighting
  1207 | Ossuary  | Reached skill level 5 in Shields
  1215 | Ossuary  | Reached XP level 7. HP: 47/61 MP: 6/6
  1443 | D:4      | Found an ornate altar of the Wu Jian Council.
  1509 | D:4      | Reached skill level 6 in Axes
  1677 | D:4      | Found Captoesa's Distillery.
  1690 | D:4      | Bought a potion of curing for 39 gold pieces
  1753 | D:4      | Found a bloodstained altar of Trog.
  2488 | D:5      | Entered Level 5 of the Dungeon
  2488 | D:5      | Found Mufeaf's Magic Scroll Boutique.
  2503 | D:5      | Reached XP level 8. HP: 56/70 MP: 7/7
  2623 | D:5      | Reached skill level 7 in Axes
  2698 | D:5      | Noticed Prince Ribbit
  2713 | D:5      | Mangled by an ogre

Illustrated notes

Levels and vault maps discovered:
D:1:      psy_arrival_conway, layout_basic, minmay_split_cup_large
D:2:      layout_loops_ring, serial_shops, shop, chequers_serial_rivers_small_3,
          grunt_ministairs_13
D:3:      layout_basic, hellmonk_ghost_happy_afterlife, serial_bayou_lagoon_b
D:4:      layout_gridville, trog_book, nicolae_wu_jian_wuxing_cycle,
          serial_shops, nicolae_shop_industrial_runoff,
          mainiacjoe_ossuary_entry_dusty_tomb, minmay_checkerbox
D:5:      layout_loops_ring, kennysheep_slug_shrine, marbit_many_paths,
          st_stairs_11, nicolae_stop_n_shop_2, uniq_prince_ribbit1

Skill      XL: |  1  2  3  4  5  6  7  8 |
---------------+-------------------------+-----
Axes           | 3 4 5 6 7 |  7.4
Dodging        | 1 2 3 4 |  4.1
Armour         | 4 5 6 |  6.1
Fighting       | 4 5 6 |  6.0
Shields        | 4 5 6 |  6.0

Action                     |  1- 3 |  4- 6 |  7- 9 || total
---------------------------+-------+-------+-------++-------
  Melee: War axe           |    33 |   101 |   133 ||   267
         Headbutt          |     7 |    20 |    27 ||    54
    Use: Potion            |     1 |       |       ||     1
 Armour: Scale mail        |    48 |    81 |   106 ||   235
  Dodge: Dodged            |    25 |    73 |    76 ||   174
  Block: Buckler           |     8 |    25 |    25 ||    58
